 Dungeon Sprint DCSS version 0.18-a0-1435-gee79d65 (webtiles) character file.

38031 geek the Wrestler (level 13, -14/140 HPs)
             Began as a Troll Monk on Feb 28, 2016.
             Was the Champion of Cheibriados.
             Killed from afar by a frost giant (51 damage)
             ... with a bolt of cold
             ... in the Dungeon (Sprint IX: "|||||||||||||||||||||||||||||").
             The game lasted 00:09:00 (2524 turns).

geek the Wrestler (Troll Monk)                      Turns: 2524, Time: 00:09:00

Health: -14/140    AC: 12    Str: 44    XL:     13   Next: 61%
Magic:  21/21      EV: 25    Int: 21    God:    Cheibriados [******]
Gold:   817        SH:  0    Dex: 30    Spells: 0 memorised, 12 levels left

rFire  + + .     SeeInvis .       - Unarmed
rCold  . . .     Gourm    +     u - +3 fire dragon armour
rNeg   . . .     Faith    .     (no shield)
rPois  .         Spirit   .     (helmet restricted)
rElec  +         Dismiss  .     m - +2 cloak
rCorr  .         Reflect  .     (gloves unavailable)
SustAt .         Harm     .     (boots unavailable)
MR     .....     NoTele   +     (no amulet)
Stlth  +.........               o - +3 ring of strength
                                n - +3 ring of dexterity

@: corroded equipment, very slow, not resistant to hostile enchantments, very
unstealthy
A: unfitting armour, claws 3, cold resistance 1, fast metabolism 3, gourmand,
regeneration 3, shaggy fur 1, electricity resistance, tough skin 2, MP-powered
wands
a: Bend Time, Temporal Distortion, Slouch, Step From Time, Renounce Religion


You were in the Dungeon.
You worshipped Cheibriados.
Cheibriados was exalted by your worship.
You were not hungry.

You visited 1 branch You collected 1949 gold pieces.
You spent 1132 gold pieces at shops.

Inventory:

Hand Weapons
 s - a +7 giant club of draining
 y - the +7 triple crossbow of the Inferno {freeze, rF+ Int+4}
   (You bought it in a shop in the Dungeon)

   It causes projectiles fired from it to freeze those they strike, causing
   extra injury to most foes and up to half again as much damage against
   particularly susceptible opponents.
   They can also slow down cold-blooded creatures.
   It affects your intelligence (+4).
   It protects you from fire.
Missiles
 z - 45 bolts
Armour
 e - a +2 robe of positive energy
 m - a +2 cloak (worn)
 u - a +3 fire dragon armour (worn)
Jewellery
 n - a +3 ring of dexterity (left claw)
 o - a +3 ring of strength (right claw)
 t - an uncursed ring of fire
Wands
 l - a wand of iceblast (7/15)
Scrolls
 h - 3 scrolls of blinking
 j - 4 scrolls of remove curse
 k - 2 scrolls of amnesia
 r - a scroll of recharging
 w - 2 scrolls of fog
Potions
 c - 8 potions of curing
 d - a potion of resistance
 f - 4 potions of magic
 g - 2 potions of might
 i - 7 potions of heal wounds
 q - a potion of cancellation {unknown}
 v - a potion of agility
 x - a potion of degeneration
Comestibles
 a - 40 fruits
 b - 14 bread rations
 p - 12 meat rations


   Skills:
 + Level 12.0 Fighting
 + Level 7.4 Armour
 + Level 15.2 Dodging
 - Level 1.1 Stealth
 * Level 23.2 Unarmed Combat
 * Level 12.3 Invocations


You had 12 spell levels left.
You didn't know any spells.

Dungeon Overview and Level Annotations

Branches:
Dungeon (1/1)

Altars:
Cheibriados
Dithmenos
Elyvilon
Fedhas
Gozag
Kikubaaqudgha
Makhleb
Nemelex Xobeh
Okawaru
Pakellas
Qazlal
Ru
Sif Muna
Trog
Vehumet
Xom
Yredelemnul
Zin
The Shining One
Beogh
Jiyva
Lugonu

Shops:
D *(?[


Innate Abilities, Weirdness & Mutations

You are too large for most types of armour.
You have claws for hands.
Your metabolism is lightning-fast.
You like to eat raw meat.
You regenerate.
You are covered in fur (AC +1).
You have very tough skin (AC +2).
Your flesh is cold resistant.
You are resistant to electric shocks.
You expend magic power (3 MP) to strengthen your wands.


Message History

The fire dragon tramples you but does no damage.
You closely miss the fire dragon. You claw the fire dragon!!
The fire dragon is moderately wounded.
Unknown command.
You eviscerate the fire dragon!!!
The fire dragon is severely wounded.
The fire dragon bites you but does no damage.
The fire dragon completely misses you. The fire dragon tramples you!
* * * LOW HITPOINT WARNING * * *
You stumble backwards!
Unknown command.
You eviscerate the fire dragon!!!!
You kill the fire dragon!
Cheibriados appreciates the change of pace.
Your Fighting skill increases to level 12!
Unknown command.
The frost giant closely misses you.
The frost giant gestures at you while chanting.
The bolt of cold hits you!
You die...

......[[[[[[.[.))))))))..==='....
▓▓▓▓▓▓▓▓▓▓▓▓▓▓▓▓▓▓▓▓▓▓▓▓▓▓▓▓▓▓▓▓▓
.................................
♣♣♣▓▓▓▓▓▓▓▓▓▓▓▓▓▓▓▓▓▓▓▓▓▓▓▓▓▓▓▓▓▓
†)'.†)(†(†§§§........††..........
♣♣♣▓▓▓▓▓▓▓▓▓▓▓▓▓▓▓▓▓▓▓▓▓▓▓▓▓▓▓▓▓▓
........)........................
▓▓▓▓▓▓▓▓▓▓▓▓▓▓▓▓▓▓▓▓▓▓▓▓▓▓▓▓▓▓▓▓▓
.....DC@).[(...(........
▓▓▓▓▓▓▓▓▓▓▓▓▓▓▓▓▓▓▓▓▓▓▓▓


You could see a frost giant and a fire dragon.

Vanquished Creatures
  Donald (D)
  A frost giant (D)
  2 fire dragons (D)
  Josephine (D)
  A great orb of eyes (D)
  Erolcha (D)
  Harold (D)
  A hydra (D)
  An anaconda (D)
  An entropy weaver (D)
  6 ogre magi (D)
  A death yak (D)
  An alligator snapping turtle (D)
  A ghost crab (D)
  3 centaur warriors (D)
  A satyr (D)
  An alligator (D)
  A vampire mage (D)
  A tengu warrior (D)
  A spriggan (D)
  A naga sharpshooter (D)
  A salamander mystic (D)
  A wizard (D)
  An unseen horror (D)
  A harpy (D)
  An orb spider (D)
  A necromancer (D)
  An orc knight (D)
  A griffon (D)
  An ugly thing (D)
  2 wolf spiders (D)
  A cyclops (D)
  An orc sorcerer (D)
  4 black mambas (D)
  A guardian serpent (D)
  4 spiny frogs (D)
  Maurice (D)
  A gargoyle (D)
  2 yaktaurs (D)
  2 demonic crawlers (D)
  3 jumping spiders (D)
  3 giant leeches (D)
  3 merfolk (D)
  A polar bear (D)
  5 two-headed ogres (D)
  A slime creature (D)
  A blink frog (D)
  A snapping turtle (D)
  A shadow (D)
  A tarantella (shapeshifter) (D)
  A basilisk (D)
  A tarantella (D)
  5 wraiths (D)
  A hippogriff (D)
  A hippogriff (shapeshifter) (D)
  A vampire mosquito (D)
  A wolf (D)
  2 nagas (D)
  3 water moccasins (D)
  A porcupine (D)
  10 orc warriors (D)
  A sky beast (D)
  2 wasps (D)
  6 ogres (D)
  A centaur (D)
  3 crocodiles (D)
  4 giant frogs (D)
  A scorpion (D)
  A wight (D)
  2 howler monkeys (D)
  A crimson imp (D)
  A jelly (D)
  5 orc priests (D)
  A hound (D)
  2 orc wizards (D)
  2 river rats (D)
  A giant gecko (D)
  7 orcs (D)
  2 bats (D)
  A bat skeleton (D)
  A ball python zombie (D)
  A giant cockroach zombie (D)
  A giant gecko skeleton (D)
  A giant gecko zombie (D)
  A giant newt (D)
  A rat (D)
154 creatures vanquished.

Vanquished Creatures (others)
  An alligator (D)
  An ugly thing (D)
  A swamp drake (D)
3 creatures vanquished.

Grand Total: 157 creatures vanquished

Notes
Turn   | Place    | Note
--------------------------------------------------------------
     0 | D        | geek the Troll Monk began the quest for the Orb.
     0 | D        | Reached XP level 1. HP: 22/22 MP: 0/0
    25 | D        | Reached skill level 5 in Unarmed Combat
    29 | D        | Noticed a jelly
    29 | D        | Noticed a sky beast
    29 | D        | Noticed a howler monkey
    32 | D        | Reached XP level 2. HP: 29/29 MP: 1/1
    36 | D        | Killed a howler monkey
    36 | D        | Reached skill level 6 in Unarmed Combat
    36 | D        | Reached XP level 3. HP: 34/37 MP: 2/2
    50 | D        | Killed a sky beast
    50 | D        | Reached skill level 8 in Unarmed Combat
    50 | D        | Reached XP level 4. HP: 23/48 MP: 3/3
    50 | D        | Reached XP level 5. HP: 25/54 MP: 4/4
    53 | D        | Reached skill level 5 in Dodging
    53 | D        | Reached skill level 9 in Unarmed Combat
    64 | D        | Gained mutation: Your flesh is cold resistant. [mutagenic meat]
    65 | D        | Gained mutation: You regenerate. [mutagenic meat]
    66 | D        | Gained mutation: You expend magic power (3 MP) to strengthen your wands. [mutagenic meat]
    67 | D        | Gained mutation: You are resistant to electric shocks. [mutagenic meat]
   220 | D        | Found a glowing silver altar of Zin.
   220 | D        | Found a glowing golden altar of the Shining One.
   220 | D        | Found an ancient bone altar of Kikubaaqudgha.
   220 | D        | Found a basalt altar of Yredelemnul.
   220 | D        | Found a shimmering altar of Xom.
   220 | D        | Found a radiant altar of Vehumet.
   221 | D        | Found an iron altar of Okawaru.
   222 | D        | Found a burning altar of Makhleb.
   223 | D        | Found a deep blue altar of Sif Muna.
   224 | D        | Found a bloodstained altar of Trog.
   225 | D        | Found a sparkling altar of Nemelex Xobeh.
   226 | D        | Found a white marble altar of Elyvilon.
   227 | D        | Found a roughly hewn altar of Beogh.
   228 | D        | Found a viscous altar of Jiyva.
   229 | D        | Found a corrupted altar of Lugonu.
   230 | D        | Found a blossoming altar of Fedhas.
   231 | D        | Found a snail-covered altar of Cheibriados.
   232 | D        | Found a shadowy altar of Dithmenos.
   233 | D        | Found a stormy altar of Qazlal.
   234 | D        | Found an opulent altar of Gozag.
   235 | D        | Found a sacrificial altar of Ru.
   236 | D        | Found an oddly glowing altar of Pakellas.
   281 | D        | Noticed an ogre
   281 | D        | Noticed a centaur
   284 | D        | Killed a centaur
   284 | D        | Reached skill level 10 in Unarmed Combat
   290 | D        | Reached XP level 6. HP: 63/63 MP: 5/5
   294 | D        | Reached skill level 11 in Unarmed Combat
   339 | D        | Became a worshipper of Cheibriados the Contemplative
   339 | D        | Reached * piety under Cheibriados
   339 | D        | Reached ** piety under Cheibriados
   384 | D        | Noticed a centaur warrior
   389 | D        | Reached skill level 5 in Fighting
   389 | D        | Reached skill level 12 in Unarmed Combat
   389 | D        | Reached XP level 7. HP: 70/72 MP: 6/6
   395 | D        | Killed a centaur warrior
   395 | D        | Reached *** piety under Cheibriados
   395 | D        | Reached skill level 13 in Unarmed Combat
   395 | D        | Reached XP level 8. HP: 70/83 MP: 7/7
   397 | D        | Reached skill level 14 in Unarmed Combat
   414 | D        | Killed an unseen horror
   414 | D        | Reached **** piety under Cheibriados
   603 | D        | Reached skill level 15 in Unarmed Combat
   603 | D        | Reached XP level 9. HP: 92/92 MP: 8/10
   606 | D        | Reached ***** piety under Cheibriados
   620 | D        | Reached skill level 10 in Dodging
   653 | D        | Noticed a spiny frog
   653 | D        | Noticed a death yak
   653 | D        | Noticed a polar bear
   660 | D        | Noticed a black mamba
   666 | D        | Killed a polar bear
   666 | D        | Reached ****** piety under Cheibriados
   675 | D        | Killed a death yak
   675 | D        | Reached skill level 16 in Unarmed Combat
   677 | D        | Reached skill level 5 in Invocations
   679 | D        | Killed a spiny frog
   680 | D        | Reached XP level 10. HP: 35/102 MP: 12/12
   692 | D        | Killed a black mamba
   920 | D        | Noticed a spiny frog
   920 | D        | Noticed a spiny frog
   923 | D        | Noticed a spiny frog
   924 | D        | Killed a spiny frog
   927 | D        | Killed a spiny frog
   927 | D        | Reached skill level 17 in Unarmed Combat
   940 | D        | Killed a spiny frog
   979 | D        | Noticed Harold
   994 | D        | Killed Harold
  1008 | D        | Noticed Erolcha
  1019 | D        | Killed Erolcha
  1019 | D        | Reached skill level 18 in Unarmed Combat
  1084 | D        | Noticed an orc sorcerer
  1089 | D        | Reached XP level 11. HP: 82/113 MP: 15/15
  1092 | D        | Killed an orc sorcerer
  1172 | D        | Noticed an orc knight
  1178 | D        | Killed an orc knight
  1265 | D        | Found Eliwkew's Armour Boutique.
  1265 | D        | Noticed an ogre mage
  1268 | D        | Found Subir's Magic Scroll Shop.
  1270 | D        | Killed an ogre mage
  1274 | D        | Reached skill level 19 in Unarmed Combat
  1276 | D        | Found Sysma's Weapon Boutique.
  1278 | D        | Noticed an ogre mage
  1282 | D        | Found Qaruwo's Assorted Antiques.
  1286 | D        | Killed an ogre mage
  1291 | D        | Noticed an ogre mage
  1295 | D        | Killed an ogre mage
  1490 | D        | Bought a scroll of enchant armour for 90 gold pieces
  1490 | D        | Bought a scroll of enchant weapon for 90 gold pieces
  1490 | D        | Bought a scroll of brand weapon for 240 gold pieces
  1520 | D        | Bought a scroll labeled POENEY ESAPP for 26 gold pieces
  1520 | D        | Bought a fuming yellow potion for 23 gold pieces
  1520 | D        | Bought a translucent triple crossbow for 390 gold pieces
  1520 | D        | Bought a scroll of enchant armour for 195 gold pieces
  1520 | D        | Bought a potion of curing for 78 gold pieces
  1569 | D        | Noticed Josephine
  1575 | D        | Noticed Maurice
  1579 | D        | Killed Josephine
  1585 | D        | Reached skill level 20 in Unarmed Combat
  1589 | D        | Killed Maurice
  1681 | D        | Identified the +7 triple crossbow of the Inferno {freeze, rF+ Int+4} (You bought it in a shop in the Dungeon)
  1736 | D        | Noticed a tengu warrior
  1736 | D        | Noticed an ogre mage
  1736 | D        | Noticed a centaur warrior
  1739 | D        | Killed a centaur warrior
  1740 | D        | Noticed a great orb of eyes
  1749 | D        | Noticed a necromancer
  1751 | D        | Killed an ogre mage
  1751 | D        | Reached skill level 10 in Fighting
  1751 | D        | Reached XP level 12. HP: 103/126 MP: 18/18
  1756 | D        | Killed a tengu warrior
  1759 | D        | Killed a great orb of eyes
  1765 | D        | Noticed an ogre mage
  1773 | D        | Noticed an ogre mage
  1778 | D        | Killed an ogre mage
  1778 | D        | Reached skill level 21 in Unarmed Combat
  1778 | D        | Reached skill level 10 in Invocations
  1782 | D        | Killed an ogre mage
  1782 | D        | Reached skill level 1 in Armour
  2050 | D        | Noticed an alligator snapping turtle
  2052 | D        | Noticed a satyr
  2075 | D        | Killed an alligator snapping turtle
  2086 | D        | Killed a satyr
  2089 | D        | Reached skill level 22 in Unarmed Combat
  2200 | D        | Noticed a ghost crab
  2200 | D        | Noticed an alligator
  2201 | D        | Noticed an alligator
  2204 | D        | Killed an alligator
  2204 | D        | Reached XP level 13. HP: 119/137 MP: 14/20
  2219 | D        | Reached skill level 5 in Armour
  2433 | D        | Noticed Donald
  2438 | D        | Killed Donald
  2485 | D        | Noticed a frost giant
  2485 | D        | Noticed a fire dragon
  2494 | D        | Reached skill level 15 in Dodging
  2497 | D        | Killed a fire dragon
  2500 | D        | Killed a frost giant
  2500 | D        | Reached skill level 23 in Unarmed Combat
  2501 | D        | Noticed a fire dragon
  2504 | D        | Noticed a frost giant
  2507 | D        | Noticed a fire dragon
  2523 | D        | Killed a fire dragon
  2524 | D        | Killed from afar by a frost giant

Vault maps used:
D:        linesprint

Skill      XL: |  1  2  3  4  5  6  7  8  9 10 11 12 13 |
---------------+----------------------------------------+-----
Unarmed Combat | 5 6 8 10 12 13 15 16 18 20 22 23 | 23.2
Fighting       | 3 4 5 6 7 8 10 11 12 | 12.0
Dodging        | 3 4 5 6 8 9 10 12 13 14 15 | 15.2
Invocations    | 3 5 7 9 11 12 | 12.3
Armour         | 4 7 |  7.4
Stealth        | |  1.1

Action                   |  1- 3 |  4- 6 |  7- 9 | 10-12 | 13-15 || total
-------------------------+-------+-------+-------+-------+-------++-------
Melee: Unarmed           |    37 |    24 |    55 |   190 |    54 ||   360
Invok: Slouch            |       |       |       |     2 |     1 ||     3
  Use: Potion            |     1 |     2 |     2 |       |       ||     5
       Scroll            |       |       |     2 |    11 |       ||    13
 Stab: Sleeping          |     1 |       |       |       |       ||     1
       Distracted        |       |       |       |     1 |       ||     1
  Eat: Chunk             |       |     8 |       |    12 |       ||    20
